 Dungeon Crawl Stone Soup version 0.20-a0-1078-g4874019 (webtiles) character file.

41220 FastMan the Severer (level 13, -5/127 HPs)
             Began as a Minotaur Berserker on May 1, 2017.
             Was the Champion of Trog.
             Slain by a nine-headed hydra (7 damage)
             ... on level 4 of the Lair of Beasts.
             The game lasted 00:11:21 (12395 turns).

FastMan the Severer (Minotaur Berserker)           Turns: 12395, Time: 00:11:22

Health: -5/127     AC: 20    Str: 29    XL:     13   Next: 78%
Magic:  4/4        EV:  9    Int:  4    God:    Trog [******]
Gold:   828        SH:  0    Dex: 13    Spells: 12/12 levels left

rFire    . . .     SeeInvis .   a - +9 battleaxe (antimagic)
rCold    . . .     Gourm    .   (shield currently unavailable)
rNeg     . . .     Faith    .   y - +0 plate armour
rPois    .         Spirit   .   (helmet restricted)
rElec    .         Reflect  .   g - +1 cloak
rCorr    .         Harm     .   (no gloves)
MR       .....                  z - +2 pair of boots
Stlth    ..........             (no amulet)
Regen    0.4/turn               m - +5 ring of strength
MPRegen  0.1/turn               f - +4 ring of slaying

@: slowed, very slow
A: retaliatory headbutt, horns 2
a: Berserk, Trog's Hand, Brothers in Arms, Burn Spellbooks, Renounce Religion


You were on level 4 of the Lair of Beasts.
You worshipped Trog.
Trog was exalted by your worship.
You were hungry.

You visited 2 branches of the dungeon, and saw 15 of its levels.

You collected 902 gold pieces.
You spent 74 gold pieces at shops.

Inventory:

Hand Weapons
 a - a +9 antimagic battleaxe (weapon)
 D - a +3 battleaxe of holy wrath
 N - a +1 battleaxe of flaming
Armour
 g - a +1 cloak (worn)
 y - a +0 plate armour (worn)
 z - a +2 pair of boots (worn)
Jewellery
 b - a +2 ring of dexterity {unknown}
 f - a +4 ring of slaying (right hand)
 m - a +5 ring of strength (left hand)
 E - an uncursed ring of resist corrosion {unknown}
 M - a +5 ring of evasion {unknown}
Scrolls
 d - 3 scrolls of fog {unknown}
 e - a scroll of noise {unknown}
 h - 3 scrolls of enchant armour
 i - 2 scrolls of blinking {unknown}
 k - a scroll of recharging {unknown}
 l - 3 scrolls of enchant weapon
 s - 2 scrolls of remove curse {@r2}
 w - 6 scrolls of magic mapping
 H - 2 scrolls of identify {@r1}
Potions
 j - 4 potions of heal wounds {@q2}
 n - a potion of agility {unknown}
 q - a potion of degeneration
 r - 2 potions of ambrosia
 t - 8 potions of curing {@q1}
 u - a potion of cancellation {unknown}
 v - 2 potions of might {unknown}
 x - a potion of mutation
 A - 3 potions of flight {unknown}
 B - a potion of resistance {unknown}
 I - 2 potions of invisibility {unknown}
 J - 2 potions of haste {unknown}
 K - 2 potions of magic {unknown}
Books
 F - a book of Party Tricks

   Spells                             Type                      Level
   a - Summon Butterflies             Summoning                    1
   b - Apportation                    Translocation                1
   c - Lesser Beckoning               Translocation                3
   d - Tukima's Dance                 Hexes                        3
   e - Alistair's Intoxication        Transmutation/Poison         5
   f - Invisibility                   Hexes                        6
   Trog disapproves of the use of such an item.
Comestibles
 c - 3 bread rations {@e1}
 o - 2 fruits {@e4}
 p - 20 royal jellies {@e3}
 C - 2 meat rations {@e2}
 G - 21 chunks of flesh


   Skills:
 + Level 15.2 Fighting
 * Level 20.6 Axes
 + Level 9.5 Armour
 - Level 2.1 Dodging


You had 12 spell levels left.
You didn't know any spells.

Dungeon Overview and Level Annotations

Branches:
Dungeon (11/15)            Temple (0/1) D:6            Lair (4/6) D:9
 Shoals (0/4) Lair:3        Snake (0/4) Lair:2          Orc (0/2) D:11

Altars:
Cheibriados
Dithmenos
Elyvilon
Gozag
Kikubaaqudgha
Makhleb
Qazlal
Ru
Sif Muna
Uskayaw
Vehumet
Yredelemnul
The Shining One

Shops:
D:4 [([   D:5 ?

Annotations:
D:2 1 runed door
D:5 1 runed door
D:11 1 runed door
Lair:3 exclusion: oklob plant


Innate Abilities, Weirdness & Mutations

You reflexively headbutt those who attack you in melee.
You have a pair of horns on your head.


Message History

The nine-headed hydra barely misses you.
The nine-headed hydra bites you but does no damage.
The nine-headed hydra bites you!
* * * LOW HITPOINT WARNING * * *
The nine-headed hydra bites you but does no damage. x2
The rime drake closely misses you. The nine-headed hydra bites you!
* * * LOW HITPOINT WARNING * * *
The nine-headed hydra bites you.
* * * LOW HITPOINT WARNING * * *
The nine-headed hydra bites you!
* * * LOW HITPOINT WARNING * * *
The nine-headed hydra closely misses you.
The nine-headed hydra bites you.
* * * LOW HITPOINT WARNING * * *
The nine-headed hydra misses you.
The nine-headed hydra bites you but does no damage.
The nine-headed hydra bites you!
* * * LOW HITPOINT WARNING * * *
The nine-headed hydra bites you!
You die...

#..≈≈≈≈≈≈.≈...†..#...
....≈≈≈≈.....##..#...
...≈.........###.....
#.........# #.#...
#.!.......# ##.##.
##.†####### ####.
#..#### ## ##k†...###
#### #@Dl...... ##.##
###H.....# ##....
..(......##.....
........+..P....
.H.......#......
.......#.....÷.
.......##P#....
....... ####... #...


You could see a nine-headed hydra, a hippogriff, a basilisk and a rime drake.

Vanquished Creatures
  Josephine (D:11)
  Fannar (D:10)
  Harold (D:11)
  4 hydras
  Erica (D:9)
  The ghost of porpoise the Covert, a journeyman OpFi of Okawaru (D:9)
  5 two-headed ogres
  A catoblepas (Lair:4)
  An unseen horror (D:10)
  Pikel (D:7)
  A deep elf mage (D:10)
  4 black mambas
  3 merfolk sirens (Lair:3)
  7 elephants (Lair:2)
  A centaur zombie (D:10)
  Maurice (D:9)
  Psyche (D:8)
  6 spiny frogs
  6 rime drakes (Lair:4)
  A gargoyle (D:11)
  4 komodo dragons
  A queen bee (Lair:1)
  2 merfolk
  2 trolls
  5 blink frogs (Lair:4)
  A hornet (D:9)
  10 hippogriffs
  A meliai zombie (D:11)
  9 wyverns
  2 vampires (D:10)
  A spriggan (D:10)
  5 wraiths (D:11)
  18 yaks
  2 hungry ghosts
  A human (D:10)
  5 basilisks
  Grum (D:9)
  Menkaure (D:6)
  2 nagas (Lair:2)
  Edmund (D:4)
  9 water moccasins
  14 porcupines
  4 slaves (D:7)
  A phantom (D:4)
  An ice beast (D:9)
  A black bear (D:7)
  3 orc warriors
  A sky beast (D:10)
  2 centaurs
  4 ogres
  3 wolves (D:9)
  11 crocodiles
  4 big kobolds (D:11)
  8 bullfrogs
  A wyvern zombie (D:8)
  A scorpion (D:11)
  A water moccasin skeleton (D:5)
  46 killer bees
  2 howler monkeys
  An electric eel (Lair:3)
  4 crimson imps
  A bullfrog skeleton (D:11)
  A centaur skeleton (D:7)
  5 hounds
  2 jellies
  4 orc wizards
  8 orc priests
  Jessica (D:2)
  6 worker ants
  2 hound skeletons (D:4)
  A worker ant zombie (D:9)
  10 gnolls
  12 adders
  2 shadow imps (D:7)
  4 worms (D:2)
  4 leopard geckos
  48 orcs
  8 giant cockroaches
  3 hobgoblins
  12 jackals
  4 quokkas
  8 bats
  7 frilled lizards
  6 goblins
  2 goblin skeletons
  A goblin zombie (D:9)
  3 hobgoblin zombies (D:9)
  A jackal skeleton (D:5)
  12 kobolds
  A kobold skeleton (D:9)
  A kobold zombie (D:9)
  2 leopard gecko skeletons
  A leopard gecko zombie (D:4)
  2 orc skeletons (D:9)
  An orc zombie (D:9)
  6 rats
  A bush (Lair:4)
  2 fungi
  2 plants
441 creatures vanquished.

Vanquished Creatures (others)
  4 fungi
  2 plants
6 creatures vanquished.

Grand Total: 447 creatures vanquished

Notes
Turn   | Place    | Note
-------+----------+-------------------------------------------
     0 | D:1      | FastMan the Minotaur Berserker began the quest for the Orb.
     0 | D:1      | Reached XP level 1. HP: 19/19 MP: 0/0
    37 | D:1      | Reached skill level 4 in Axes
   348 | D:1      | Reached XP level 2. HP: 27/27 MP: 1/1
   793 | D:1      | Reached skill level 5 in Axes
   813 | D:2      | Reached XP level 3. HP: 33/33 MP: 2/2
   845 | D:2      | Reached ** piety under Trog
   889 | D:2      | Found a burning altar of Makhleb.
   900 | D:2      | Reached XP level 4. HP: 23/40 MP: 3/3
  1351 | D:2      | Noticed Jessica
  1354 | D:2      | Killed Jessica
  1434 | D:2      | Reached skill level 6 in Axes
  1446 | D:2      | Found a stormy altar of Qazlal.
  1485 | D:2      | Found a runed door.
  1526 | D:2      | Reached XP level 5. HP: 41/47 MP: 4/4
  1677 | D:2      | Reached skill level 5 in Fighting
  1896 | D:3      | Reached skill level 7 in Axes
  2074 | D:3      | Reached *** piety under Trog
  2107 | D:3      | Reached XP level 6. HP: 56/56 MP: 5/5
  2128 | D:4      | Found Wifeuxi's Weapon Boutique.
  2142 | D:4      | Bought a +0 broad axe of venom for 74 gold pieces
  2148 | D:4      | Found Ufritopa's Armour Shop.
  2338 | D:4      | Found a sacrificial altar of Ru.
  2450 | D:4      | Reached skill level 8 in Axes
  2541 | D:4      | Found Cojes's Antique Armour Boutique.
  2545 | D:4      | Noticed Edmund
  2552 | D:4      | Killed Edmund
  2552 | D:4      | Reached XP level 7. HP: 62/62 MP: 6/6
  2677 | D:4      | Found a radiant altar of Vehumet.
  2677 | D:4      | Found an ancient bone altar of Kikubaaqudgha.
  2678 | D:4      | Found a deep blue altar of Sif Muna.
  2684 | D:4      | Identified Sif Muna's Grimoire of Illusion
  2796 | D:4      | Reached skill level 9 in Axes
  2833 | D:5      | Entered Level 5 of the Dungeon
  3060 | D:5      | Reached **** piety under Trog
  3072 | D:5      | Found Xunopety's Magic Scroll Emporium.
  3245 | D:5      | Found a runed door.
  3245 | D:5      | Noticed a human
  3322 | D:5      | Found a sand-covered staircase.
  3370 | D:5      | Found a basalt altar of Yredelemnul.
  3917 | D:6      | Reached skill level 10 in Axes
  3917 | D:6      | Reached XP level 8. HP: 62/71 MP: 7/7
  4019 | D:6      | Found a staircase to the Ecumenical Temple.
  4034 | D:6      | Noticed Menkaure
  4040 | D:6      | Killed Menkaure
  4313 | D:7      | Reached skill level 11 in Axes
  4340 | D:7      | Found a shadowy altar of Dithmenos.
  4340 | D:7      | Found an opulent altar of Gozag.
  4354 | D:7      | Noticed Pikel
  4365 | D:7      | Killed Pikel
  4365 | D:7      | Reached skill level 12 in Axes
  4365 | D:7      | Reached XP level 9. HP: 67/82 MP: 8/8
  4451 | D:7      | Found a hide-covered altar of Uskayaw.
  4971 | D:7      | Got a faintly glowing ring mail
  4982 | D:7      | Identified the +3 ring mail of Kuriudu {MR- Regen+ Int+3} (You found it on level 7 of the Dungeon)
  5031 | D:8      | Found a snail-covered altar of Cheibriados.
  5070 | D:8      | Noticed a two-headed ogre
  5076 | D:8      | Killed a two-headed ogre
  5076 | D:8      | Reached skill level 13 in Axes
  5104 | D:8      | Noticed Psyche
  5106 | D:8      | Reached ***** piety under Trog
  5111 | D:8      | Killed Psyche
  5111 | D:8      | Reached skill level 10 in Fighting
  5115 | D:8      | Noticed a two-headed ogre
  5122 | D:8      | Killed a two-headed ogre
  5122 | D:8      | Reached skill level 14 in Axes
  5122 | D:8      | Reached XP level 10. HP: 69/94 MP: 9/9
  5141 | D:8      | Found a white marble altar of Elyvilon.
  5318 | D:9      | Noticed Grum
  5329 | D:9      | Killed Grum
  5449 | D:9      | Noticed porpoise's ghost (journeyman OpFi)
  5461 | D:9      | Killed porpoise's ghost
  5461 | D:9      | Reached skill level 15 in Axes
  5703 | D:9      | Paralysed by a hornet for 3 turns
  5832 | D:9      | Noticed Maurice
  5839 | D:9      | Killed Maurice
  5845 | D:9      | Found a staircase to the Lair.
  5969 | D:9      | Noticed Erica
  5976 | D:9      | Killed Erica
  6083 | D:9      | Found a glowing golden altar of the Shining One.
  6092 | D:9      | Received a gift from Trog
  6134 | D:9      | Reached skill level 16 in Axes
  6167 | D:10     | Entered Level 10 of the Dungeon
  6179 | D:10     | Reached XP level 11. HP: 85/104 MP: 10/10
  6185 | D:10     | Killed an unseen horror
  6186 | D:10     | Noticed a deep elf mage
  6213 | D:10     | Killed a deep elf mage
  6543 | D:10     | Noticed a two-headed ogre
  6553 | D:10     | Killed a two-headed ogre
  7128 | D:10     | Noticed Fannar
  7159 | D:10     | Killed Fannar
  7159 | D:10     | Reached skill level 17 in Axes
  7349 | D:11     | Noticed Josephine
  7355 | D:11     | Received a gift from Trog
  7362 | D:11     | Killed Josephine
  7566 | D:11     | Noticed a two-headed ogre
  7572 | D:11     | Killed a two-headed ogre
  7807 | D:11     | Found a white marble altar of Elyvilon.
  7809 | D:11     | Found a runed door.
  7809 | D:11     | Noticed an angel
  7868 | D:11     | Found a staircase to the Orcish Mines.
  7900 | D:11     | Reached skill level 18 in Axes
  8313 | D:11     | Noticed Harold
  8318 | D:11     | Noticed a two-headed ogre
  8323 | D:11     | Killed a two-headed ogre
  8323 | D:11     | Reached XP level 12. HP: 71/115 MP: 3/11
  8327 | D:11     | Killed Harold
  8874 | Lair:1   | Entered Level 1 of the Lair of Beasts
  9516 | Lair:1   | Received a gift from Trog
  9516 | Lair:1   | Reached skill level 5 in Armour
  9645 | Lair:1   | Noticed a seven-headed hydra
  9745 | Lair:1   | Killed a 12-headed hydra
  9844 | Lair:1   | Reached skill level 19 in Axes
 10210 | Lair:2   | Noticed a seven-headed hydra
 10214 | Lair:2   | Killed a ten-headed hydra
 10245 | Lair:2   | Found a staircase to the Snake Pit.
 10394 | Lair:2   | Reached XP level 13. HP: 67/125 MP: 4/12
 10630 | Lair:2   | Reached ****** piety under Trog
 11010 | Lair:3   | Received a gift from Trog
 11011 | Lair:3   | Found a staircase to the Shoals.
 11698 | Lair:4   | Reached skill level 20 in Axes
 12202 | Lair:4   | Reached skill level 15 in Fighting
 12395 | Lair:4   | HP: 2/127 [nine-headed hydra (7)]
 12395 | Lair:4   | Slain by a nine-headed hydra

Vault maps used:
D:1:      minmay_arrival_stone_box
D:2:      cheibrodos_pilgrimage, makhleb_blood_cavern_becter,
          lemuel_doored_altar, uniq_jessica, uniq_crazy_yiuf_cottage
D:3:      serial_bayou, serial_bayou_pond_d, serial_bayou_shore_a,
          serial_bayou_lagoon_a, serial_bayou_pond_e, hex_tiny
D:4:      grunt_temple_overflow_magic_moments, nicolae_ru_sacrificial_ziggurat,
          first_bread, serial_shops, shop_statue, shop,
          nicolae_shop_temple_entry_statues_fountains, uniq_edmund
D:5:      enter_ossuary_3, serial_co_window_serial, co_window_paths_a,
          co_window_paths_a, co_window_of_opportunity_a, co_window_corner_a,
          co_window_cross_1, co_window_paths_b, co_window_paths_b,
          co_window_corner_a, co_window_paths_a, co_window_broadway_a,
          co_window_of_opportunity_b, co_window_corner_ca,
          co_window_unsneaky_path_a, co_window_corner_b,
          co_window_of_opportunity_b, glass_columns_c, glass_columns_c,
          glass_columns_a, glass_columns_a, serial_shops,
          nicolae_shop_waterfront, dk_yredelemnul_ordeal
D:6:      minmay_temple_entry_grid, dk_rats_in_the_wall, uniq_menkaure
D:7:      lemuel_round_altar, grunt_temple_overflow_open, uniq_pikel
D:8:      cheibriados_altar_1, elyvilon_altar_5, uniq_psyche
D:9:      nicolae_tso_besieged_by_evil, lair_entry_dummy, uniq_maurice,
          uniq_grum, uniq_erica
D:10:     hangedman_stone_soup, uniq_fannar
D:11:     kennysheep_orc_monster_closet_entryway, lemuel_angel_altar,
          uniq_josephine, uniq_harold
Lair:1:   special_room, minivault_25
Lair:2:   minmay_snake_entry_guardpost_small
Lair:3:   elwin_shoals_entry_stream, minivault_27, minmay_lair_oklob_bushes,
          minmay_lindwurm_lava
Lair:4:   special_room, st_stairs_4, infiniplex_staircase_pool_2

Skill      XL: |  1  2  3  4  5  6  7  8  9 10 11 12 13 |
---------------+----------------------------------------+-----
Axes           | 4 5 6 7 8 10 12 14 16 18 19 20 | 20.6
Fighting       | 4 5 6 8 10 11 13 14 15 | 15.2
Armour         | 3 7 9 |  9.5
Dodging        | |  2.1

Action                   |  1- 3 |  4- 6 |  7- 9 | 10-12 | 13-15 || total
-------------------------+-------+-------+-------+-------+-------++-------
Melee: Hand axe          |    65 |   105 |       |       |       ||   170
       Headbutt          |     6 |    30 |    41 |    82 |    50 ||   209
       Broad axe         |       |    50 |   153 |   207 |       ||   410
       Battleaxe         |       |       |       |   211 |   171 ||   382
Invok: Berserk           |     1 |     2 |     1 |     6 |     3 ||    13
       Trog's Hand       |       |     1 |     1 |     1 |     4 ||     7
       Burn Spellbooks   |       |     1 |     3 |       |     1 ||     5
  Use: Scroll            |       |       |    14 |     4 |     1 ||    19
       Potion            |       |       |       |     2 |       ||     2
  Eat: Chunk             |     1 |     8 |     5 |    13 |    10 ||    37
       Bread ration      |       |       |     1 |     3 |       ||     4
       Meat ration       |       |       |       |     1 |       ||     1
Armor: Animal skin       |     5 |       |       |       |       ||     5
       Ring mail         |    16 |    15 |       |       |       ||    31
       Chain mail        |       |    52 |    56 |       |       ||   108
       Plate armour      |       |       |    63 |   277 |   129 ||   469
Dodge: Dodged            |    47 |    68 |    63 |   167 |    81 ||   426
